Golden Knights vs Kings

Created - 1 novembre 2020 at 19:13

Goals
1 2 3 T
Golden Knights 2 0 1 3
Kings 3 2 1 6
Shots
1 2 3 T
Golden Knights 15 8 18 41
Kings 15 19 12 46

1st period

1. Golden Knights , Nico Hischier 2 (Claude Giroux 1, Zach Werenski 1) at 0:42 (PP)
2. Kings , Justin Williams 1 (Stephen Johns 1, Corey Perry 1) at 11:48
3. Kings , Jonathan Toews 1 (Mikael Backlund 1) at 13:05
4. Golden Knights , Viktor Arvidsson 1 (Devon Toews 1, Artemi Panarin 1) at 13:55
5. Kings , Jack Johnson 1 (Mikael Backlund 2, Jonathan Toews 1) at 18:05

Penalties :
Stephen Johns (LOS) for Tripping (Minor) at 0:36, Stephen Johns (LOS) for Boarding (Minor) at 2:21

2nd period

6. Kings , Jonathan Toews 2 (Jack Johnson 1, Jordan Eberle 1) at 16:42 (PP)
7. Kings , Zemgus Girgensons 1 (Jesper Fast 1, Marco Scandella 1) at 19:43 (PP)

Penalties :
Stephen Johns (LOS) for Interference (Minor) at 8:10, Zach Werenski (VGK) for Interference (Minor) at 16:04, Jake Guentzel (VGK) for High sticking (Minor) at 18:17

3rd period

8. Golden Knights , Marcus Foligno 1 (Mathew Dumba 1) at 3:46
9. Kings , Jordan Eberle 1 (Jonathan Toews 2, Mikael Backlund 3) at 17:21

Penalties :
Jonathan Toews (LOS) for Hooking (Minor) at 13:42, Stephen Johns (LOS) for Hooking (Minor) at 19:58, Claude Giroux (VGK) for Tripping (Minor) at 19:58

Goalie Stats

Semyon Varlamov (VGK), 40 saves from 46 shots - (0,870), L, 1-1-0, 60:00 minutes
David Rittich (LOS), 38 saves from 41 shots - (0,927), W, 1-1-0, 60:00 minutes

Players Stats for Golden Knights

Player Name              G  A  P  +/- PIM S  H  SB GA TA FO     MP     PP MP  PK MP  
------------------------------------------------------------------------------------
Alex Steen               0  0  0   1  0   0  0  0  0  0  0/1     6:31   0:00   1:36 
Anthony Beauvillier      0  0  0   0  0   2  0  0  0  0  0/0    13:52   3:17   0:00 
Artemi Panarin           0  1  1  -2  0   9  0  0  0  0  1/3    20:58   3:17   0:00 
Calle Jarnkrok           0  0  0   0  0   0  0  0  0  0  1/1    10:35   0:00   0:00 
Claude Giroux            0  1  1  -2  2   3  3  0  0  0  19/29  20:21   2:41   0:00 
Devon Toews              0  1  1  -1  0   0  0  0  0  0  0/0    10:56   0:00   0:00 
Jake Guentzel            0  0  0  -1  2   2  3  0  0  0  0/0    21:27   2:46   0:00 
Marcus Foligno           1  0  1   1  0   1  2  0  0  0  0/0     5:23   0:00   0:28 
Mathew Barzal            0  0  0  -1  0   3  1  0  0  0  18/40  21:28   2:46   0:00 
Mathew Dumba             0  1  1   1  0   2  5  3  0  0  0/0    20:50   0:00   0:32 
Miro Heiskanen           0  0  0   1  0   2  0  3  0  0  0/0    25:13   3:22   1:32 
Nico Hischier            1  0  1   0  0   5  3  0  0  0  13/22  14:20   3:17   0:28 
Nikita Zaitsev           0  0  0  -1  0   0  0  1  0  0  0/0    10:56   0:00   0:00 
Riley Sheahan            0  0  0   1  0   1  0  0  0  0  2/8     6:31   0:00   1:36 
Tomas Hertl              0  0  0  -1  0   5  1  3  0  0  1/2    21:27   2:46   0:00 
Tyson Barrie             0  0  0  -2  0   3  2  3  0  0  0/0    25:10   3:22   1:10 
Viktor Arvidsson         1  0  1  -2  0   1  1  0  0  0  1/3    17:41   0:00   0:00 
Zach Werenski            0  1  1  -2  2   2  0  1  0  0  0/0    24:13   2:41   0:54 

Players Stats for Kings

Player Name              G  A  P  +/- PIM S  H  SB GA TA FO     MP     PP MP  PK MP  
------------------------------------------------------------------------------------
Andre Burakovsky         0  0  0   0  0   2  0  0  0  0  0/0     7:18   0:00   0:14 
Corey Perry              0  1  1   1  0   1  3  0  0  0  0/2    11:53   0:00   0:00 
Jack Johnson             1  1  2   2  0   1  1  0  0  0  0/0    24:52   1:20   3:00 
Janne Kuokkanen          0  0  0   0  0   3  0  0  0  0  3/10    7:04   0:00   0:00 
Jesper Fast              0  1  1  -1  0   7  1  0  0  0  2/4    16:33   0:44   1:59 
John Moore               0  0  0   0  0   0  0  5  0  0  0/0    14:46   0:00   0:07 
Jonathan Toews           2  2  4   2  2   7  3  0  0  0  1/1    20:24   1:20   0:00 
Jordan Eberle            1  1  2   2  0   6  0  0  0  0  3/7    22:24   1:20   1:59 
Justin Williams          1  0  1   1  0   5  2  0  0  0  0/3    13:08   0:00   1:15 
Marc-Edouard Vlasic      0  0  0   2  0   1  0  4  0  0  0/0    25:20   1:20   3:28 
Marco Scandella          0  1  1   0  0   1  0  0  0  0  0/0    20:22   0:44   2:56 
Mikael Backlund          0  3  3   2  0   4  0  0  0  0  17/38  23:47   1:20   3:21 
Nick Bjugstad            0  0  0   1  0   1  1  0  0  0  9/17   11:54   0:00   0:00 
Nick Paul                0  0  0  -1  0   2  1  0  0  0  17/25  14:34   0:44   0:00 
Nicolas Hague            0  0  0   0  0   0  1  3  0  0  0/0    16:09   0:00   1:30 
Rickard Rakell           0  0  0   0  0   1  1  0  0  0  0/0     7:04   0:00   0:00 
Stephen Johns            0  1  1   0  8   0  3  1  0  0  0/0    18:27   0:44   1:05 
Zemgus Girgensons        1  0  1  -1  0   4  1  0  0  0  1/2    17:52   0:44   3:18 

3 Stars

1 - Jonathan Toews (LOS)
2 - Jack Johnson (LOS)
3 - Jordan Eberle (LOS)

Power Play

Golden Knights - 1 on 4 Attempt(s) - 25,00%
Kings - 2 on 2 Attempt(s) - 100,00%

Penalty Kill

Golden Knights - 0 on 2 Attempt(s) - 0,00% - Score 0 goal in Penalty Kill
Kings - 3 on 4 Attempt(s) - 75,00% - Score 0 goal in Penalty Kill

Team Stat

Golden Knights - Hits : 21 - Faceoff Wins : 56 - Blocked Shots : 14 - Penalty Minutes : 6
Kings - Hits : 18 - Faceoff Wins : 53 - Blocked Shots : 13 - Penalty Minutes : 10

Official

Referees : Kenny Anderson and Robert Hennessey
Linesman : Darren Gibbs and Kyle Larson

Game Notes

No Game Note

Finance

Level 1 -- Attendance: 5818 (89,51%) -- Ticket Income 552 710 $
Level 2 -- Attendance: 4738 (94,76%) -- Ticket Income 355 350 $
Level 3 -- Attendance: 3348 (95,66%) -- Ticket Income 184 140 $
Level 4 -- Attendance: 2118 (100,00%) -- Ticket Income 84 720 $
Luxury Box -- Attendance: 937 (93,70%) -- Ticket Income 210 825 $
Game was played at the Staples Center.
Total Attendance: 16959 (93,60%)
Total Ticket Income: 1 387 745 $
Other Income: 679 995 $
Total Income: 2 067 740 $

% Time on Ice - Golden Knights

Lines # - Real PCT - Wanted PCT - Time Play
Normal Forward
1 - 34% - 36% - 17:41
2 - 36% - 36% - 18:41
3 - 20% - 20% - 10:35
4 - 9% - 8% - 4:55
Normal Defense
1 - 40% - 45% - 20:38
2 - 39% - 40% - 20:18
3 - 21% - 15% - 10:56
4 - 0% - 0% - 0:00
PP Forward
1 - 46% - 60% - 2:46
2 - 54% - 40% - 3:17
PP Defense
1 - 44% - 50% - 2:41
2 - 56% - 50% - 3:22
PK Forward
1 - 77% - 60% - 1:36
2 - 23% - 40% - 0:28
PK Defense
1 - 74% - 60% - 1:32
2 - 26% - 40% - 0:32
PK3 Forward
1 - 0% - 60%
2 - 0% - 40%
PK3 Defense
1 - 0% - 65%
2 - 0% - 35%
44 Forward
1 - 100% - 60% - 0:01
2 - 0% - 40% - 0:00
44 Defense
1 - 100% - 60% - 0:01
2 - 0% - 40% - 0:00
Last Minute Offensive  - 0:00
Last Minute Defensive  - 0:00
Total
Forward - 60:00
Defense - 60:00

% Time on Ice - Kings

Lines # - Real PCT - Wanted PCT - Time Play
Normal Forward
1 - 37% - 40% - 19:05
2 - 27% - 30% - 13:50
3 - 23% - 20% - 11:53
4 - 14% - 10% - 7:04
Normal Defense
1 - 37% - 40% - 19:09
2 - 32% - 30% - 16:42
3 - 28% - 20% - 14:39
4 - 3% - 10% - 1:22
PP Forward
1 - 65% - 60% - 1:20
2 - 35% - 40% - 0:44
PP Defense
1 - 65% - 60% - 1:20
2 - 35% - 40% - 0:44
PK Forward
1 - 67% - 60% - 4:04
2 - 33% - 40% - 1:59
PK Defense
1 - 52% - 60% - 3:07
2 - 48% - 40% - 2:56
PK3 Forward
1 - 0% - 60%
2 - 0% - 40%
PK3 Defense
1 - 0% - 60%
2 - 0% - 40%
44 Forward
1 - 100% - 60% - 0:01
2 - 0% - 40% - 0:00
44 Defense
1 - 100% - 60% - 0:01
2 - 0% - 40% - 0:00
Last Minute Offensive  - 0:00
Last Minute Defensive  - 0:00
Total
Forward - 60:00
Defense - 60:00

Play-by-Play

1st period


0:01 of 1st period - Claude Giroux wins face-off versus Mikael Backlund in neutral zone.
0:22 of 1st period - Shot by Artemi Panarin.
0:22 of 1st period - Stopped by David Rittich without a rebound.
0:23 of 1st period - Mathew Barzal wins face-off versus Jesper Fast in Kings zone.
0:30 of 1st period - Mathew Barzal is hit by Stephen Johns and loses puck.
0:36 of 1st period - Minor Penalty to Stephen Johns for Tripping.
0:37 of 1st period - Nico Hischier wins face-off versus Mikael Backlund in Kings zone.
0:40 of 1st period - Shot by Claude Giroux.
0:40 of 1st period - Shot Blocked by Marc-Edouard Vlasic.
0:42 of 1st period - Shot by Nico Hischier.
0:42 of 1st period - Goal by Nico Hischier - Golden Knights : 1 - Kings : 0.
0:43 of 1st period - Nico Hischier wins face-off versus Nick Bjugstad in neutral zone.
0:54 of 1st period - Shot by Anthony Beauvillier.
0:54 of 1st period - Stopped by David Rittich without a rebound.
0:55 of 1st period - Mathew Barzal wins face-off versus Janne Kuokkanen in Kings zone.
1:43 of 1st period - Off-side.
1:44 of 1st period - Jesper Fast wins face-off versus Claude Giroux in neutral zone.
1:44 of 1st period - Jesper Fast is hit by Claude Giroux.
2:21 of 1st period - Minor Penalty to Stephen Johns for Boarding.
2:22 of 1st period - Nico Hischier wins face-off versus Mikael Backlund in Kings zone.
2:31 of 1st period - Shot by Tyson Barrie.
2:31 of 1st period - Shot Misses the Net.
2:33 of 1st period - Shot by Tyson Barrie.
2:33 of 1st period - Shot Misses the Net.
2:48 of 1st period - Shot by Miro Heiskanen.
2:48 of 1st period - Stopped by David Rittich without a rebound.
2:49 of 1st period - Mathew Barzal wins face-off versus Jordan Eberle in Kings zone.
3:12 of 1st period - Shot by Mikael Backlund.
3:12 of 1st period - Stopped by Semyon Varlamov without a rebound.
3:13 of 1st period - Mikael Backlund wins face-off versus Nico Hischier in Golden Knights zone.
3:17 of 1st period - Icing by Miro Heiskanen.
3:18 of 1st period - Nico Hischier wins face-off versus Jordan Eberle in Golden Knights zone.
3:49 of 1st period - Shot by Tyson Barrie.
3:49 of 1st period - Stopped by David Rittich without a rebound.
3:50 of 1st period - Mathew Barzal wins face-off versus Mikael Backlund in Kings zone.
3:53 of 1st period - Shot by Zach Werenski.
3:53 of 1st period - Stopped by David Rittich without a rebound.
3:54 of 1st period - Mathew Barzal wins face-off versus Mikael Backlund in Kings zone.
4:12 of 1st period - Shot by Mathew Barzal.
4:12 of 1st period - Shot Misses the Net.
4:18 of 1st period - Shot by Claude Giroux.
4:18 of 1st period - Shot Misses the Net.
4:20 of 1st period - Shot by Tomas Hertl.
4:20 of 1st period - Stopped by David Rittich without a rebound.
4:21 of 1st period - Nico Hischier wins face-off versus Nick Bjugstad in Kings zone.
4:24 of 1st period - Shot by Nico Hischier.
4:24 of 1st period - Stopped by David Rittich with a rebound.
4:26 of 1st period - Shot by Calle Jarnkrok.
4:26 of 1st period - Deflect By Anthony Beauvillier.
4:26 of 1st period - Shot Blocked by John Moore.
4:30 of 1st period - Shot by Nico Hischier.
4:30 of 1st period - Shot Blocked by John Moore.
4:44 of 1st period - Shot by Calle Jarnkrok.
4:44 of 1st period - Shot Blocked by Nicolas Hague.
4:46 of 1st period - Shot by Mathew Dumba.
4:46 of 1st period - Stopped by David Rittich without a rebound.
4:47 of 1st period - Claude Giroux wins face-off versus Mikael Backlund in Kings zone.
4:48 of 1st period - Shot by Artemi Panarin.
4:48 of 1st period - Shot Misses the Net.
5:02 of 1st period - Shot by Jonathan Toews.
5:02 of 1st period - Shot Misses the Net.
5:12 of 1st period - Shot by Claude Giroux.
5:12 of 1st period - Shot Blocked by Marc-Edouard Vlasic.
5:24 of 1st period - Shot by Zach Werenski.
5:24 of 1st period - Shot Misses the Net.
5:26 of 1st period - Shot by Artemi Panarin.
5:26 of 1st period - Stopped by David Rittich without a rebound.
5:27 of 1st period - Mathew Barzal wins face-off versus Nick Paul in Kings zone.
5:27 of 1st period - Mathew Barzal is hit by Stephen Johns.
5:52 of 1st period - Miro Heiskanen is hit by Jesper Fast and loses puck.
6:00 of 1st period - Icing by Tomas Hertl.
6:01 of 1st period - Nick Bjugstad wins face-off versus Mathew Barzal in Golden Knights zone.
6:20 of 1st period - Corey Perry is hit by Mathew Dumba and loses puck.
6:23 of 1st period - Shot by Justin Williams.
6:23 of 1st period - Stopped by Semyon Varlamov with a rebound.
6:25 of 1st period - Shot by Nicolas Hague.
6:25 of 1st period - Shot Misses the Net.
6:27 of 1st period - Shot by Justin Williams.
6:27 of 1st period - Shot Blocked by Mathew Dumba.
6:29 of 1st period - Shot by Justin Williams.
6:29 of 1st period - Stopped by Semyon Varlamov without a rebound.
6:30 of 1st period - Nico Hischier wins face-off versus Mikael Backlund in Golden Knights zone.
7:01 of 1st period - Shot by Zach Werenski.
7:01 of 1st period - Shot Misses the Net.
7:03 of 1st period - Shot by Tyson Barrie.
7:03 of 1st period - Shot Misses the Net.
7:05 of 1st period - Shot by Nico Hischier.
7:05 of 1st period - Stopped by David Rittich without a rebound.
7:06 of 1st period - Nick Paul wins face-off versus Viktor Arvidsson in Kings zone.
7:34 of 1st period - Shot by Jesper Fast.
7:34 of 1st period - Stopped by Semyon Varlamov without a rebound.
7:35 of 1st period - Nick Bjugstad wins face-off versus Mathew Barzal in Golden Knights zone.
7:41 of 1st period - Icing by Miro Heiskanen.
7:42 of 1st period - Mathew Barzal wins face-off versus Mikael Backlund in Golden Knights zone.
7:47 of 1st period - Mikael Backlund is hit by Mathew Barzal.
9:42 of 1st period - Shot by Nick Bjugstad.
9:42 of 1st period - Stopped by Semyon Varlamov without a rebound.
9:43 of 1st period - Nico Hischier wins face-off versus Janne Kuokkanen in Golden Knights zone.
10:22 of 1st period - Off-side.
10:23 of 1st period - Mikael Backlund wins face-off versus Mathew Barzal in neutral zone.
10:48 of 1st period - Shot by Jonathan Toews.
10:48 of 1st period - Shot Blocked by Tyson Barrie.
10:50 of 1st period - Shot by Jonathan Toews.
10:50 of 1st period - Stopped by Semyon Varlamov with a rebound.
11:48 of 1st period - Shot by Justin Williams.
11:48 of 1st period - Goal by Justin Williams - Golden Knights : 1 - Kings : 1.
11:49 of 1st period - Nick Paul wins face-off versus Alex Steen in neutral zone.
11:58 of 1st period - Shot by Jesper Fast.
11:58 of 1st period - Stopped by Semyon Varlamov without a rebound.
11:59 of 1st period - Nico Hischier wins face-off versus Nick Bjugstad in Golden Knights zone.
12:43 of 1st period - Icing by Miro Heiskanen.
12:44 of 1st period - Nick Paul wins face-off versus Nico Hischier in Golden Knights zone.
12:55 of 1st period - Shot by Zemgus Girgensons.
12:55 of 1st period - Stopped by Semyon Varlamov without a rebound.
12:56 of 1st period - Mikael Backlund wins face-off versus Artemi Panarin in Golden Knights zone.
13:05 of 1st period - Shot by Mikael Backlund.
13:05 of 1st period - Deflect By Jonathan Toews.
13:05 of 1st period - Goal by Jonathan Toews - Golden Knights : 1 - Kings : 2.
13:06 of 1st period - Mathew Barzal wins face-off versus Jesper Fast in neutral zone.
13:17 of 1st period - Shot by Tomas Hertl.
13:17 of 1st period - Deflect By Jake Guentzel.
13:17 of 1st period - Stopped by David Rittich without a rebound.
13:18 of 1st period - Jordan Eberle wins face-off versus Claude Giroux in Kings zone.
13:39 of 1st period - Shot by Artemi Panarin.
13:39 of 1st period - Shot Misses the Net.
13:55 of 1st period - Shot by Viktor Arvidsson.
13:55 of 1st period - Goal by Viktor Arvidsson - Golden Knights : 2 - Kings : 2.
13:56 of 1st period - Nick Paul wins face-off versus Mathew Barzal in neutral zone.
14:11 of 1st period - Nick Paul is hit by Jake Guentzel and loses puck.
14:17 of 1st period - Icing by Jack Johnson.
14:18 of 1st period - Nick Paul wins face-off versus Riley Sheahan in Kings zone.
14:18 of 1st period - Nick Paul is hit by Marcus Foligno.
14:59 of 1st period - Zemgus Girgensons is hit by Marcus Foligno and loses puck.
15:07 of 1st period - Icing by Jack Johnson.
15:08 of 1st period - Nick Paul wins face-off versus Claude Giroux in Kings zone.
15:44 of 1st period - Icing by John Moore.
15:45 of 1st period - Mikael Backlund wins face-off versus Mathew Barzal in Kings zone.
15:54 of 1st period - Nikita Zaitsev is hit by Jonathan Toews.
16:23 of 1st period - Shot by Tomas Hertl.
16:23 of 1st period - Stopped by David Rittich without a rebound.
16:24 of 1st period - Nick Bjugstad wins face-off versus Nico Hischier in Kings zone.
17:20 of 1st period - Nicolas Hague is hit by Nico Hischier and loses puck.
17:37 of 1st period - Shot by Janne Kuokkanen.
17:37 of 1st period - Stopped by Semyon Varlamov without a rebound.
17:38 of 1st period - Mikael Backlund wins face-off versus Tomas Hertl in Golden Knights zone.
17:43 of 1st period - Shot by Jordan Eberle.
17:43 of 1st period - Stopped by Semyon Varlamov with a rebound.
18:01 of 1st period - Shot by Jonathan Toews.
18:01 of 1st period - Shot Blocked by Nikita Zaitsev.
18:03 of 1st period - Shot by Mikael Backlund.
18:03 of 1st period - Shot Misses the Net.
18:05 of 1st period - Shot by Jack Johnson.
18:05 of 1st period - Goal by Jack Johnson - Golden Knights : 2 - Kings : 3.
18:06 of 1st period - Claude Giroux wins face-off versus Nick Paul in neutral zone.
18:11 of 1st period - Shot by Claude Giroux.
18:11 of 1st period - Shot Misses the Net.
18:19 of 1st period - Shot by Nick Paul.
18:19 of 1st period - Stopped by Semyon Varlamov without a rebound.
18:20 of 1st period - Riley Sheahan wins face-off versus Janne Kuokkanen in Golden Knights zone.
18:20 of 1st period - Riley Sheahan is hit by Rickard Rakell.
18:39 of 1st period - Icing by Rickard Rakell.
18:40 of 1st period - Claude Giroux wins face-off versus Janne Kuokkanen in Kings zone.
19:09 of 1st period - Icing by Rickard Rakell.
19:10 of 1st period - Janne Kuokkanen wins face-off versus Mathew Barzal in Kings zone.
19:42 of 1st period - Shot by Mathew Barzal.
19:42 of 1st period - Stopped by David Rittich without a rebound.
19:43 of 1st period - Jesper Fast wins face-off versus Claude Giroux in Kings zone.
19:58 of 1st period - Shot by Nick Paul.
19:58 of 1st period - Stopped by Semyon Varlamov with a rebound.
Goals for this period are 2 for Golden Knights vs 3 for Kings.
Shots for this period are 15 for Golden Knights vs 15 for Kings.

2nd period


0:01 of 2nd period - Claude Giroux wins face-off versus Mikael Backlund in neutral zone.
0:22 of 2nd period - Shot by Jordan Eberle.
0:22 of 2nd period - Stopped by Semyon Varlamov without a rebound.
0:23 of 2nd period - Nick Bjugstad wins face-off versus Mathew Barzal in Golden Knights zone.
0:30 of 2nd period - Shot by Nick Bjugstad.
0:30 of 2nd period - Deflect By Justin Williams.
0:30 of 2nd period - Stopped by Semyon Varlamov without a rebound.
0:31 of 2nd period - Nick Paul wins face-off versus Mathew Barzal in Golden Knights zone.
0:46 of 2nd period - Shot by Jesper Fast.
0:46 of 2nd period - Stopped by Semyon Varlamov without a rebound.
0:47 of 2nd period - Mikael Backlund wins face-off versus Claude Giroux in Golden Knights zone.
0:48 of 2nd period - Shot by Jonathan Toews.
0:48 of 2nd period - Stopped by Semyon Varlamov with a rebound.
1:11 of 2nd period - Shot by Jordan Eberle.
1:11 of 2nd period - Shot Misses the Net.
1:19 of 2nd period - Shot by Jordan Eberle.
1:19 of 2nd period - Stopped by Semyon Varlamov without a rebound.
1:20 of 2nd period - Mathew Barzal wins face-off versus Nick Bjugstad in Golden Knights zone.
1:29 of 2nd period - Shot by Tomas Hertl.
1:29 of 2nd period - Stopped by David Rittich without a rebound.
1:30 of 2nd period - Nico Hischier wins face-off versus Nick Paul in Kings zone.
2:37 of 2nd period - Shot by Jonathan Toews.
2:37 of 2nd period - Shot Blocked by Miro Heiskanen.
2:49 of 2nd period - Shot by Marc-Edouard Vlasic.
2:49 of 2nd period - Stopped by Semyon Varlamov without a rebound.
2:50 of 2nd period - Claude Giroux wins face-off versus Nick Bjugstad in Golden Knights zone.
2:50 of 2nd period - Claude Giroux is hit by Justin Williams.
3:16 of 2nd period - Devon Toews is hit by Justin Williams and loses puck.
3:23 of 2nd period - Shot by Justin Williams.
3:23 of 2nd period - Stopped by Semyon Varlamov without a rebound.
3:24 of 2nd period - Nick Paul wins face-off versus Mathew Barzal in Golden Knights zone.
3:24 of 2nd period - Zemgus Girgensons is hit by Mathew Dumba and loses puck.
3:56 of 2nd period - Mathew Dumba is hit by Zemgus Girgensons and loses puck.
4:00 of 2nd period - Icing by Mathew Dumba.
4:01 of 2nd period - Mathew Barzal wins face-off versus Mikael Backlund in Golden Knights zone.
5:35 of 2nd period - Shot by Anthony Beauvillier.
5:35 of 2nd period - Deflect By Calle Jarnkrok.
5:35 of 2nd period - Shot Misses the Net.
5:37 of 2nd period - Shot by Nikita Zaitsev.
5:37 of 2nd period - Shot Blocked by Nicolas Hague.
5:45 of 2nd period - Nikita Zaitsev is hit by Corey Perry and loses puck.
5:54 of 2nd period - Corey Perry is hit by Nico Hischier and loses puck.
6:12 of 2nd period - Marcus Foligno is hit by Nicolas Hague and loses puck.
7:30 of 2nd period - Off-side.
7:31 of 2nd period - Janne Kuokkanen wins face-off versus Viktor Arvidsson in neutral zone.
7:33 of 2nd period - Off-side.
7:34 of 2nd period - Claude Giroux wins face-off versus Nick Paul in neutral zone.
7:41 of 2nd period - Shot by Claude Giroux.
7:41 of 2nd period - Deflect By Artemi Panarin.
7:41 of 2nd period - Stopped by David Rittich without a rebound.
7:42 of 2nd period - Nick Paul wins face-off versus Claude Giroux in Kings zone.
7:47 of 2nd period - Nikita Zaitsev is hit by Nick Paul.
8:10 of 2nd period - Minor Penalty to Stephen Johns for Interference.
8:11 of 2nd period - Mathew Barzal wins face-off versus Mikael Backlund in Kings zone.
8:40 of 2nd period - Shot by Jake Guentzel.
8:40 of 2nd period - Shot Misses the Net.
8:42 of 2nd period - Shot by Mathew Barzal.
8:42 of 2nd period - Shot Blocked by Marc-Edouard Vlasic.
8:44 of 2nd period - Shot by Miro Heiskanen.
8:44 of 2nd period - Stopped by David Rittich with a rebound.
9:25 of 2nd period - Shot by Artemi Panarin.
9:25 of 2nd period - Stopped by David Rittich without a rebound.
9:26 of 2nd period - Artemi Panarin wins face-off versus Jordan Eberle in Kings zone.
9:37 of 2nd period - Shot by Zach Werenski.
9:37 of 2nd period - Shot Misses the Net.
9:39 of 2nd period - Shot by Zach Werenski.
9:39 of 2nd period - Shot Misses the Net.
9:41 of 2nd period - Shot by Anthony Beauvillier.
9:41 of 2nd period - Stopped by David Rittich without a rebound.
9:42 of 2nd period - Mikael Backlund wins face-off versus Mathew Barzal in Kings zone.
9:42 of 2nd period - Mikael Backlund is hit by Jake Guentzel.
10:00 of 2nd period - Shot by Tyson Barrie.
10:00 of 2nd period - Stopped by David Rittich without a rebound.
10:01 of 2nd period - Nico Hischier wins face-off versus Mikael Backlund in Kings zone.
10:06 of 2nd period - Shot by Artemi Panarin.
10:06 of 2nd period - Shot Misses the Net.
10:08 of 2nd period - Shot by Nico Hischier.
10:08 of 2nd period - Deflect By Artemi Panarin.
10:08 of 2nd period - Shot Misses the Net.
10:12 of 2nd period - Shot by Marcus Foligno.
10:12 of 2nd period - Shot Blocked by Nicolas Hague.
10:14 of 2nd period - Shot by Alex Steen.
10:14 of 2nd period - Shot Blocked by John Moore.
10:16 of 2nd period - Shot by Marcus Foligno.
10:16 of 2nd period - Deflect By Riley Sheahan.
10:16 of 2nd period - Stopped by David Rittich without a rebound.
10:17 of 2nd period - Claude Giroux wins face-off versus Justin Williams in Kings zone.
10:24 of 2nd period - Shot by Claude Giroux.
10:24 of 2nd period - Shot Misses the Net.
10:33 of 2nd period - Icing by John Moore.
10:34 of 2nd period - Nick Bjugstad wins face-off versus Mathew Barzal in Kings zone.
10:34 of 2nd period - Nick Bjugstad is hit by Jake Guentzel.
11:36 of 2nd period - Icing by Viktor Arvidsson.
11:37 of 2nd period - Jonathan Toews wins face-off versus Claude Giroux in Golden Knights zone.
12:13 of 2nd period - Icing by Miro Heiskanen.
12:14 of 2nd period - Claude Giroux wins face-off versus Zemgus Girgensons in Golden Knights zone.
12:39 of 2nd period - Jesper Fast is hit by Mathew Dumba and loses puck.
12:44 of 2nd period - Shot by Jesper Fast.
12:44 of 2nd period - Stopped by Semyon Varlamov with a rebound.
12:46 of 2nd period - Shot by Nick Paul.
12:46 of 2nd period - Shot Misses the Net.
12:48 of 2nd period - Shot by Zemgus Girgensons.
12:48 of 2nd period - Shot Misses the Net.
12:50 of 2nd period - Shot by Jesper Fast.
12:50 of 2nd period - Stopped by Semyon Varlamov without a rebound.
12:51 of 2nd period - Mathew Barzal wins face-off versus Janne Kuokkanen in Golden Knights zone.
12:53 of 2nd period - Icing by Tyson Barrie.
12:54 of 2nd period - Mathew Barzal wins face-off versus Mikael Backlund in Golden Knights zone.
12:54 of 2nd period - Mathew Barzal is hit by Jonathan Toews.
13:14 of 2nd period - Shot by Mikael Backlund.
13:14 of 2nd period - Shot Blocked by Tomas Hertl.
13:16 of 2nd period - Shot by Jonathan Toews.
13:16 of 2nd period - Shot Misses the Net.
13:35 of 2nd period - Jonathan Toews is hit by Tyson Barrie and loses puck.
14:07 of 2nd period - Jack Johnson is hit by Nico Hischier and loses puck.
14:54 of 2nd period - Shot by Riley Sheahan.
14:54 of 2nd period - Shot Blocked by Marc-Edouard Vlasic.
15:13 of 2nd period - Icing by Riley Sheahan.
15:14 of 2nd period - Mikael Backlund wins face-off versus Riley Sheahan in Golden Knights zone.
15:25 of 2nd period - Shot by Mikael Backlund.
15:25 of 2nd period - Stopped by Semyon Varlamov without a rebound.
15:26 of 2nd period - Nick Paul wins face-off versus Claude Giroux in Golden Knights zone.
15:35 of 2nd period - Shot by Nick Paul.
15:35 of 2nd period - Shot Blocked by Tyson Barrie.
15:37 of 2nd period - Shot by Marco Scandella.
15:37 of 2nd period - Stopped by Semyon Varlamov without a rebound.
15:38 of 2nd period - Jordan Eberle wins face-off versus Mathew Barzal in Golden Knights zone.
15:41 of 2nd period - Shot by Jonathan Toews.
15:41 of 2nd period - Stopped by Semyon Varlamov with a rebound.
15:43 of 2nd period - Shot by Mikael Backlund.
15:43 of 2nd period - Stopped by Semyon Varlamov without a rebound.
15:44 of 2nd period - Mikael Backlund wins face-off versus Mathew Barzal in Golden Knights zone.
15:58 of 2nd period - Jordan Eberle is hit by Tyson Barrie and loses puck.
16:04 of 2nd period - Minor Penalty to Zach Werenski for Interference.
16:05 of 2nd period - Nick Paul wins face-off versus Riley Sheahan in Golden Knights zone.
16:16 of 2nd period - Shot by Zemgus Girgensons.
16:16 of 2nd period - Stopped by Semyon Varlamov without a rebound.
16:17 of 2nd period - Riley Sheahan wins face-off versus Jordan Eberle in Golden Knights zone.
16:38 of 2nd period - Shot by Jordan Eberle.
16:38 of 2nd period - Stopped by Semyon Varlamov with a rebound.
16:40 of 2nd period - Shot by Jack Johnson.
16:40 of 2nd period - Shot Misses the Net.
16:42 of 2nd period - Shot by Jonathan Toews.
16:42 of 2nd period - Goal by Jonathan Toews - Golden Knights : 2 - Kings : 4.
16:43 of 2nd period - Claude Giroux wins face-off versus Nick Paul in neutral zone.
16:49 of 2nd period - Icing by Devon Toews.
16:50 of 2nd period - Nick Paul wins face-off versus Claude Giroux in Golden Knights zone.
17:14 of 2nd period - Off-side.
17:15 of 2nd period - Mikael Backlund wins face-off versus Mathew Barzal in neutral zone.
17:18 of 2nd period - Tyson Barrie is hit by Jonathan Toews and loses puck.
17:27 of 2nd period - Shot by Tyson Barrie.
17:27 of 2nd period - Stopped by David Rittich without a rebound.
17:28 of 2nd period - Calle Jarnkrok wins face-off versus Corey Perry in Kings zone.
17:59 of 2nd period - Shot by Miro Heiskanen.
17:59 of 2nd period - Shot Misses the Net.
18:01 of 2nd period - Shot by Anthony Beauvillier.
18:01 of 2nd period - Shot Misses the Net.
18:15 of 2nd period - Icing by Corey Perry.
18:16 of 2nd period - Nick Bjugstad wins face-off versus Mathew Barzal in Kings zone.
18:16 of 2nd period - Justin Williams is hit by Tomas Hertl.
18:17 of 2nd period - Minor Penalty to Jake Guentzel for High sticking.
18:18 of 2nd period - Mikael Backlund wins face-off versus Riley Sheahan in Golden Knights zone.
18:31 of 2nd period - Shot by Jordan Eberle.
18:31 of 2nd period - Stopped by Semyon Varlamov with a rebound.
18:43 of 2nd period - Icing by Mikael Backlund.
18:44 of 2nd period - Mikael Backlund wins face-off versus Riley Sheahan in Kings zone.
19:31 of 2nd period - Shot by Jesper Fast.
19:31 of 2nd period - Shot Misses the Net.
19:33 of 2nd period - Shot by Jesper Fast.
19:33 of 2nd period - Stopped by Semyon Varlamov with a rebound.
19:41 of 2nd period - Shot by Zemgus Girgensons.
19:41 of 2nd period - Shot Misses the Net.
19:43 of 2nd period - Shot by Zemgus Girgensons.
19:43 of 2nd period - Goal by Zemgus Girgensons - Golden Knights : 2 - Kings : 5.
19:44 of 2nd period - Nick Bjugstad wins face-off versus Mathew Barzal in neutral zone.
Goals for this period are 0 for Golden Knights vs 2 for Kings.
Shots for this period are 8 for Golden Knights vs 19 for Kings.

3rd period


0:01 of 3rd period - Claude Giroux wins face-off versus Mikael Backlund in neutral zone.
0:03 of 3rd period - Off-side.
0:04 of 3rd period - Claude Giroux wins face-off versus Mikael Backlund in neutral zone.
0:20 of 3rd period - Shot by Artemi Panarin.
0:20 of 3rd period - Shot Misses the Net.
0:30 of 3rd period - Shot by Mikael Backlund.
0:30 of 3rd period - Shot Misses the Net.
0:32 of 3rd period - Shot by Mikael Backlund.
0:32 of 3rd period - Shot Misses the Net.
0:34 of 3rd period - Shot by Jack Johnson.
0:34 of 3rd period - Shot Misses the Net.
0:36 of 3rd period - Shot by Jonathan Toews.
0:36 of 3rd period - Stopped by Semyon Varlamov with a rebound.
2:22 of 3rd period - Shot by Rickard Rakell.
2:22 of 3rd period - Shot Blocked by Tomas Hertl.
2:26 of 3rd period - Shot by Andre Burakovsky.
2:26 of 3rd period - Shot Blocked by Miro Heiskanen.
2:28 of 3rd period - Shot by Janne Kuokkanen.
2:28 of 3rd period - Stopped by Semyon Varlamov without a rebound.
2:29 of 3rd period - Mikael Backlund wins face-off versus Nico Hischier in Golden Knights zone.
3:08 of 3rd period - Devon Toews is hit by Stephen Johns.
3:46 of 3rd period - Shot by Marcus Foligno.
3:46 of 3rd period - Goal by Marcus Foligno - Golden Knights : 3 - Kings : 5.
3:47 of 3rd period - Nick Bjugstad wins face-off versus Mathew Barzal in neutral zone.
3:57 of 3rd period - Icing by Tomas Hertl.
3:58 of 3rd period - Tomas Hertl wins face-off versus Janne Kuokkanen in Golden Knights zone.
4:07 of 3rd period - Shot by Andre Burakovsky.
4:07 of 3rd period - Shot Misses the Net.
4:32 of 3rd period - Shot by Zach Werenski.
4:32 of 3rd period - Stopped by David Rittich without a rebound.
4:33 of 3rd period - Claude Giroux wins face-off versus Nick Paul in Kings zone.
4:38 of 3rd period - Shot by Claude Giroux.
4:38 of 3rd period - Stopped by David Rittich without a rebound.
4:39 of 3rd period - Claude Giroux wins face-off versus Mikael Backlund in Kings zone.
4:42 of 3rd period - Shot by Artemi Panarin.
4:42 of 3rd period - Stopped by David Rittich with a rebound.
4:44 of 3rd period - Shot by Claude Giroux.
4:44 of 3rd period - Shot Hit the Post.
4:46 of 3rd period - Shot by Mathew Dumba.
4:46 of 3rd period - Deflect By Artemi Panarin.
4:46 of 3rd period - Stopped by David Rittich with a rebound.
4:48 of 3rd period - Shot by Mathew Dumba.
4:48 of 3rd period - Shot Misses the Net.
5:00 of 3rd period - Shot by Claude Giroux.
5:00 of 3rd period - Shot Blocked by John Moore.
5:08 of 3rd period - Shot by Viktor Arvidsson.
5:08 of 3rd period - Shot Misses the Net.
5:10 of 3rd period - Shot by Mathew Dumba.
5:10 of 3rd period - Stopped by David Rittich with a rebound.
5:40 of 3rd period - Shot by Jake Guentzel.
5:40 of 3rd period - Shot Misses the Net.
5:48 of 3rd period - Shot by Jake Guentzel.
5:48 of 3rd period - Shot Blocked by John Moore.
6:00 of 3rd period - Shot by Mathew Barzal.
6:00 of 3rd period - Stopped by David Rittich without a rebound.
6:01 of 3rd period - Nico Hischier wins face-off versus Nick Paul in Kings zone.
6:23 of 3rd period - Shot by Nick Paul.
6:23 of 3rd period - Shot Misses the Net.
6:25 of 3rd period - Shot by Nick Paul.
6:25 of 3rd period - Shot Misses the Net.
7:05 of 3rd period - Zach Werenski is hit by Corey Perry and loses puck.
7:22 of 3rd period - Nico Hischier is hit by Nick Bjugstad and loses puck.
7:41 of 3rd period - Shot by Rickard Rakell.
7:41 of 3rd period - Stopped by Semyon Varlamov without a rebound.
7:42 of 3rd period - Claude Giroux wins face-off versus Janne Kuokkanen in Golden Knights zone.
7:54 of 3rd period - Rickard Rakell is hit by Mathew Dumba and loses puck.
8:11 of 3rd period - Shot by Artemi Panarin.
8:11 of 3rd period - Stopped by David Rittich with a rebound.
8:13 of 3rd period - Shot by Viktor Arvidsson.
8:13 of 3rd period - Deflect By Claude Giroux.
8:13 of 3rd period - Stopped by David Rittich without a rebound.
8:14 of 3rd period - Mathew Barzal wins face-off versus Mikael Backlund in Kings zone.
8:19 of 3rd period - Shot by Jake Guentzel.
8:19 of 3rd period - Stopped by David Rittich with a rebound.
8:45 of 3rd period - Shot by Tomas Hertl.
8:45 of 3rd period - Stopped by David Rittich without a rebound.
8:46 of 3rd period - Nick Paul wins face-off versus Riley Sheahan in Kings zone.
9:00 of 3rd period - Off-side.
9:01 of 3rd period - Claude Giroux wins face-off versus Nick Bjugstad in neutral zone.
9:46 of 3rd period - Off-side.
9:47 of 3rd period - Mathew Barzal wins face-off versus Mikael Backlund in neutral zone.
10:06 of 3rd period - Shot by Jordan Eberle.
10:06 of 3rd period - Deflect By Mikael Backlund.
10:06 of 3rd period - Shot Blocked by Tyson Barrie.
10:58 of 3rd period - Off-side.
10:59 of 3rd period - Nick Paul wins face-off versus Claude Giroux in neutral zone.
11:22 of 3rd period - Shot by Artemi Panarin.
11:22 of 3rd period - Stopped by David Rittich with a rebound.
11:36 of 3rd period - Zemgus Girgensons is hit by Viktor Arvidsson and loses puck.
11:42 of 3rd period - Nicolas Hague is hit by Mathew Dumba and loses puck.
11:52 of 3rd period - Icing by Miro Heiskanen.
11:53 of 3rd period - Claude Giroux wins face-off versus Corey Perry in Golden Knights zone.
12:03 of 3rd period - Icing by Stephen Johns.
12:04 of 3rd period - Nick Bjugstad wins face-off versus Nico Hischier in Kings zone.
12:09 of 3rd period - Shot by Devon Toews.
12:09 of 3rd period - Shot Misses the Net.
12:11 of 3rd period - Shot by Nico Hischier.
12:11 of 3rd period - Stopped by David Rittich without a rebound.
12:12 of 3rd period - Janne Kuokkanen wins face-off versus Nico Hischier in Kings zone.
12:21 of 3rd period - Shot by Andre Burakovsky.
12:21 of 3rd period - Stopped by Semyon Varlamov with a rebound.
12:23 of 3rd period - Shot by Marco Scandella.
12:23 of 3rd period - Shot Blocked by Zach Werenski.
12:25 of 3rd period - Shot by Janne Kuokkanen.
12:25 of 3rd period - Deflect By Andre Burakovsky.
12:25 of 3rd period - Stopped by Semyon Varlamov without a rebound.
12:26 of 3rd period - Mathew Barzal wins face-off versus Mikael Backlund in Golden Knights zone.
12:39 of 3rd period - Shot by Mathew Barzal.
12:39 of 3rd period - Stopped by David Rittich without a rebound.
12:40 of 3rd period - Nick Paul wins face-off versus Nico Hischier in Kings zone.
12:47 of 3rd period - Shot by Nico Hischier.
12:47 of 3rd period - Stopped by David Rittich without a rebound.
12:48 of 3rd period - Mikael Backlund wins face-off versus Mathew Barzal in Kings zone.
12:58 of 3rd period - Jake Guentzel is hit by Jack Johnson and loses puck.
13:01 of 3rd period - Shot by Tomas Hertl.
13:01 of 3rd period - Stopped by David Rittich with a rebound.
13:42 of 3rd period - Minor Penalty to Jonathan Toews for Hooking.
13:43 of 3rd period - Nico Hischier wins face-off versus Justin Williams in Kings zone.
13:54 of 3rd period - Shot by Zach Werenski.
13:54 of 3rd period - Shot Blocked by Stephen Johns.
13:56 of 3rd period - Shot by Zach Werenski.
13:56 of 3rd period - Deflect By Artemi Panarin.
13:56 of 3rd period - Shot Misses the Net.
13:58 of 3rd period - Shot by Claude Giroux.
13:58 of 3rd period - Stopped by David Rittich without a rebound.
13:59 of 3rd period - Zemgus Girgensons wins face-off versus Nico Hischier in Kings zone.
14:26 of 3rd period - Shot by Artemi Panarin.
14:26 of 3rd period - Stopped by David Rittich with a rebound.
15:25 of 3rd period - Icing by Miro Heiskanen.
15:26 of 3rd period - Nico Hischier wins face-off versus Justin Williams in Golden Knights zone.
16:20 of 3rd period - Shot by Janne Kuokkanen.
16:20 of 3rd period - Stopped by Semyon Varlamov without a rebound.
16:21 of 3rd period - Mathew Barzal wins face-off versus Nick Bjugstad in Golden Knights zone.
16:42 of 3rd period - Shot by Justin Williams.
16:42 of 3rd period - Shot Misses the Net.
17:19 of 3rd period - Shot by Mikael Backlund.
17:19 of 3rd period - Shot Misses the Net.
17:21 of 3rd period - Shot by Jonathan Toews.
17:21 of 3rd period - Deflect By Jordan Eberle.
17:21 of 3rd period - Goal by Jordan Eberle - Golden Knights : 3 - Kings : 6.
17:22 of 3rd period - Nick Paul wins face-off versus Nico Hischier in neutral zone.
17:33 of 3rd period - Shot by Jesper Fast.
17:33 of 3rd period - Stopped by Semyon Varlamov with a rebound.
18:00 of 3rd period - Icing by Nicolas Hague.
18:01 of 3rd period - Nick Paul wins face-off versus Artemi Panarin in Kings zone.
18:01 of 3rd period - Nick Paul is hit by Claude Giroux.
18:07 of 3rd period - Shot by Zemgus Girgensons.
18:07 of 3rd period - Stopped by Semyon Varlamov with a rebound.
18:14 of 3rd period - Icing by Tyson Barrie.
18:15 of 3rd period - Claude Giroux wins face-off versus Mikael Backlund in Golden Knights zone.
18:25 of 3rd period - Icing by Marc-Edouard Vlasic.
18:26 of 3rd period - Jordan Eberle wins face-off versus Mathew Barzal in Kings zone.
18:43 of 3rd period - Shot by Jonathan Toews.
18:43 of 3rd period - Stopped by Semyon Varlamov without a rebound.
18:44 of 3rd period - Claude Giroux wins face-off versus Nick Bjugstad in Golden Knights zone.
18:44 of 3rd period - Claude Giroux is hit by Corey Perry.
19:10 of 3rd period - Shot by Nick Bjugstad.
19:10 of 3rd period - Deflect By Corey Perry.
19:10 of 3rd period - Stopped by Semyon Varlamov without a rebound.
19:11 of 3rd period - Mikael Backlund wins face-off versus Mathew Barzal in Golden Knights zone.
19:12 of 3rd period - Shot by Jonathan Toews.
19:12 of 3rd period - Shot Blocked by Mathew Dumba.
19:14 of 3rd period - Shot by Jack Johnson.
19:14 of 3rd period - Deflect By Jordan Eberle.
19:14 of 3rd period - Shot Blocked by Miro Heiskanen.
19:16 of 3rd period - Shot by Mikael Backlund.
19:16 of 3rd period - Shot Blocked by Tomas Hertl.
19:18 of 3rd period - Shot by Mikael Backlund.
19:18 of 3rd period - Stopped by Semyon Varlamov without a rebound.
19:19 of 3rd period - Mathew Barzal wins face-off versus Mikael Backlund in Golden Knights zone.
19:25 of 3rd period - Icing by Mathew Dumba.
19:26 of 3rd period - Mikael Backlund wins face-off versus Mathew Barzal in Golden Knights zone.
19:31 of 3rd period - Shot by Mikael Backlund.
19:31 of 3rd period - Shot Blocked by Mathew Dumba.
19:50 of 3rd period - Off-side.
19:51 of 3rd period - Viktor Arvidsson wins face-off versus Nick Paul in neutral zone.
19:54 of 3rd period - Zemgus Girgensons is hit by Claude Giroux and loses puck.
19:58 of 3rd period - Minor Penalty to Stephen Johns for Hooking.
19:58 of 3rd period - Minor Penalty to Claude Giroux for Tripping.
19:59 of 3rd period - Mikael Backlund wins face-off versus Mathew Barzal in Kings zone.
Goals for this period are 1 for Golden Knights vs 1 for Kings.
Shots for this period are 18 for Golden Knights vs 12 for Kings.